 Dungeon Crawl Stone Soup version 0.29-a0-857-g9b1aa3ac5b (webtiles) character file.

Game seed: 5364144265937295196

170 wakim the Ruffian (level 5, 0/46 HPs)
             Began as a Ghoul Gladiator on July 16, 2022.
             Was an Initiate of Yredelemnul.
             Slain by Natasha (5 damage)
             ... on level 4 of the Dungeon.
             The game lasted 00:10:18 (3047 turns).

wakim the Ruffian (Ghoul Gladiator)                 Turns: 3047, Time: 00:10:19

Health: 0/46       AC:  5    Str: 18    XL:     5   Next: 50%
Magic:  4/4        EV: 12    Int:  5    God:    Yredelemnul [......]
Gold:   440        SH:  0    Dex: 10    Spells: 4/4 levels left

rFire   . . .      SeeInvis .     - Unarmed
rCold   + . .      Faith    .   (no shield)
rNeg    + + +      Spirit   .   a - +0 leather armour
rPois   ∞          Reflect  .   b - +1 helmet
rElec   .          Harm     .   (no cloak)
rCorr   .          Rampage  .   (no gloves)
Will    .....                   (no boots)
Stlth   +.........              (no amulet)
HPRegen 0.00/turn               (no ring)
MPRegen 0.09/turn               (no ring)

@: inhibited regen, slowed, very slow
A: claws 1, cold resistance 1, negative energy resistance 3, inhibited
regeneration, torment resistance 2, devour on kill
a: Renounce Religion, Recall Undead Harvest


You were on level 4 of the Dungeon.
You worshipped Yredelemnul.
Yredelemnul was noncommittal.
You visited 1 branch of the dungeon, and saw 4 of its levels.

You collected 440 gold pieces.

Inventory:

Hand Weapons
 q - a +2 war axe of electrocution
Missiles
 c - 3 throwing nets (quivered) {=f!f}
 l - a javelin
Armour
 a - a +0 leather armour (worn)
 b - a +1 helmet (worn)
Wands
 u - a wand of mindburst (9)
Scrolls
 j - a scroll of enchant armour
 p - a scroll of fog {unknown}
 T - a scroll of teleportation
 U - 3 scrolls of fear
 V - a scroll of vulnerability {!r!r}
 W - a scroll of amnesia {unknown}
Potions
 g - 3 potions of curing {unknown}
 h - a potion of flight {unknown}
 E - a potion of cancellation
 H - a potion of haste
 O - a potion of resistance


   Skills:
 + Level 3.8 Fighting
 - Level 1.7 Throwing
 - Level 2.6 Dodging
 * Level 5.7 Unarmed Combat


You had 4 spell levels left.
You didn't know any spells.
Your spell library contained the following spells:

 Spells                   Type           Power      Damage    Failure   Level
 Blink                    Tloc           0%         N/A       67%         2
 Lesser Beckoning         Tloc           0%         N/A       88%         3
 Manifold Assault         Tloc           0%         N/A       100%        5


Dungeon Overview and Level Annotations

Branches:
Dungeon (4/15) Zot: 20932
 Temple: D:4-7

Altars:
Gozag
Kikubaaqudgha
Nemelex Xobeh
Uskayaw
Xom
Yredelemnul

Annotations:
D:3 6 runed translucent doors, MoonlitKnight's ghost, amateur MfGl; eyesofgods1's ghost, amateur OpTm
D:4 Edmund; Natasha


Innate Abilities, Weirdness & Mutations

You are immune to poison.
You have sharp fingernails.
Your flesh is cold resistant. (rC+)
You are immune to negative energy. (rN+++)
You do not regenerate when monsters are visible.
You are immune to unholy pain and torment.
You thrive by killing the living.


Message History

You closely miss Natasha.
Natasha is lightly wounded.
Natasha stares at you and mumbles some strange words.
The magic dart hits you. The quokka misses you. Natasha claws you. 27/46 (-5)
You scratch Natasha.
Natasha is moderately wounded.
The quokka bites you. Natasha closely misses you.
The quokka bites you but does no damage. 24/46 (-3)
You barely miss Natasha.
Natasha is moderately wounded.
The quokka misses you. Natasha claws you but does no damage.
You claw Natasha!
Natasha is almost dead.
The quokka misses you. Natasha casts a spell at you.
You feel yourself slow down. The quokka misses you.
Natasha completely misses you.
You scratch Natasha.
Natasha is almost dead.
The quokka closely misses you. Natasha claws you.
* * * LOW HITPOINT WARNING * * *
The quokka closely misses you.
The black bear rages.
Natasha casts a spell.
You hear a shout! 19/46 (-5)
You barely miss Natasha.
Natasha is almost dead.
The quokka bites you.
* * * LOW HITPOINT WARNING * * *
The black bear rages.
The quokka closely misses you. Natasha claws you.
* * * LOW HITPOINT WARNING * * *
The quokka bites you.
* * * LOW HITPOINT WARNING * * *
Natasha claws you.
You die...
Yredelemnul claims you as an undead slave.

###.##.# #.# ##
#....(.####.####
#...###.#.#..........#####
#.........................
...###.#<#>..............
#<.............#####
######.#####...# ##h##
######.# #...#
#≈≈≈≈≈#hSr@h.# #...#
§§.≈.≈≈S###### #...#
≈≈≈○○g§§# ###.# ≈≈.§.g.S#
.# ≈≈§§)S§§# ≈≈≈§.≈§§.
.≈§§≈§### .###.# #§


You could see a black bear (berserk, incited), Natasha (fast, incited), 2
adders, a quokka (berserk, incited) and a goblin.

Vanquished Creatures
  A hound (D:4)
  A scorpion zombie (D:3)
  4 adders (D:3)
  An adder zombie (D:3)
  2 dart slugs (D:1)
  An orc (D:3)
  5 endoplasms
  4 giant cockroaches
  2 goblins (D:1)
  8 hobgoblins
  3 jackals (D:1)
  7 kobolds
  6 quokkas
  5 ball pythons
  9 bats
  3 frilled lizards (D:1)
  3 rats (D:2)
65 creatures vanquished.

Vanquished Creatures (others)
  A hound zombie (D:4)
  A goblin (D:4)
  A hobgoblin (D:4)
  A giant cockroach zombie (D:4)
  2 hobgoblin zombies (D:4)
  A withered plant (D:3)
7 creatures vanquished.

Grand Total: 72 creatures vanquished

Notes
Turn   | Place    | Note
-------+----------+-------------------------------------------
     0 | D:1      | wakim the Ghoul Gladiator began the quest for the Orb.
     0 | D:1      | Reached XP level 1. HP: 17/17 MP: 0/0
   124 | D:1      | Reached XP level 2. HP: 23/25 MP: 1/1
   290 | D:1      | Reached skill level 4 in Unarmed Combat
   519 | D:1      | Reached XP level 3. HP: 30/30 MP: 2/2
   695 | D:1      | Found a faded altar of an unknown god.
   717 | D:1      | Prayed at the altar of an unknown god.
   717 | D:1      | Became a worshipper of Gozag Ym Sagoz the Greedy
  1501 | D:2      | !bestwep
  1854 | D:3      | Reached XP level 4. HP: 36/38 MP: 3/3
  1984 | D:3      | Found a runed translucent gate.
  1984 | D:3      | Found a runed translucent gate.
  1985 | D:3      | Found a runed translucent gate.
  1988 | D:3      | Noticed MoonlitKnight's ghost (amateur MfGl)
  2025 | D:3      | Found a sparkling altar of Nemelex Xobeh.
  2047 | D:3      | Reached skill level 5 in Unarmed Combat
  2225 | D:3      | Found a hide-covered altar of Uskayaw.
  2508 | D:3      | Found an ancient bone altar of Kikubaaqudgha.
  2756 | D:3      | Found a runed translucent gate.
  2757 | D:3      | Found a runed translucent gate.
  2757 | D:3      | Noticed eyesofgods1's ghost (amateur OpTm)
  2758 | D:3      | Found a runed translucent gate.
  2760 | D:3      | Found a basalt altar of Yredelemnul.
  2776 | D:3      | Reached XP level 5. HP: 42/46 MP: 4/4
  2790 | D:3      | Fell from the grace of Gozag
  2790 | D:3      | Became a worshipper of Yredelemnul the Dark
  2938 | D:4      | Noticed Edmund
  3016 | D:4      | Found a shimmering altar of Xom.
  3017 | D:4      | Noticed a black bear
  3025 | D:4      | Noticed Natasha
  3047 | D:4      | Slain by Natasha

Illustrated notes

#####'## #
#..##.# #..##.#
#..##.#####
#..##.##...
#..##.##.##
#..##.##.#
######.#..##.##.#
#@.....#.....##.#
#.#######.#####.#
#.........# #.#
########### #.#
#.# #.## #...
####


Turn 1501 on D:2: !bestwep

Levels and vault maps discovered:
D:1:      giann_bridges, layout_loops_ring,
          hellmonk_ecumenical_altar_inner_sanctum
D:2:      layout_basic, hangedman_feature_mirror
D:3:      minmay_skewed_foursquare, layout_basic,
          nicolae_yredelemnul_ghost_church, mainiacjoe_overflow_six_doors_small,
          nemelex_xobeh_ov_fountains_minmay, kiku_gazebo_garden_becter,
          ebering_ghost_rock_garden
D:4:      layout_loops_ring, elyvilon_altar_4, mainiacjoe_overflow_chevrons,
          xom_confusion_cloud, lemuel_old_faithful, uniq_pikel, uniq_edmund,
          uniq_natasha

Skill      XL: |  1  2  3  4 |
---------------+-------------+-----
Unarmed Combat | 4 5 |  5.7
Fighting       | 3 |  3.8
Throwing       | |  1.7
Dodging        | |  2.6

Action                   |  1- 3 |  4- 6 || total
-------------------------+-------+-------++-------
Melee: Unarmed           |   127 |    55 ||   182
       Punch             |     2 |     3 ||     5
       War axe           |    11 |    51 ||    62
  Use: Scroll            |     8 |     1 ||     9
Armor: Leather armour    |    41 |    38 ||    79
Dodge: Dodged            |    90 |    90 ||   180

Table legend: (Time is in decaauts)
 A = Elapsed time spent in this place.
 B = Non-inter-level travel time spent in this place.
 C = Inter-level travel time spent in this place.
 D = Time resting spent in this place.
 E = Time spent auto-exploring this place.
 F = Levels seen in this place.
 G = Mean time per level.
                   A        B        C        D        E       F      G
               +--------+--------+--------+--------+--------+-----+--------+
         Total |   3066 |   2941 |    125 |      0 |   2318 |   4 |  766.5 |
       Dungeon |   3066 |   2941 |    125 |      0 |   2318 |   4 |  766.5 |
               +--------+--------+--------+--------+--------+-----+--------+

Top non-repeatable levels by time:
     D:3: 1266 daAuts
     D:2: 903 daAuts
     D:1: 823 daAuts
     D:4: 73 daAuts
